 Dungeon Crawl Stone Soup version 0.26.1-11-gd32895ea62 (webtiles) character file.

Game seed: 12588748252164310209

47 manyhoops the Ruffian (level 3, -2/46 HPs)
             Began as a Palentonga Transmuter on Apr 16, 2021.
             Killed from afar by an orc wizard (4 damage)
             ... with a puff of flame
             ... on level 3 of the Dungeon.
             The game lasted 00:01:25 (2300 turns).

manyhoops the Ruffian (Palentonga Transmuter)       Turns: 2300, Time: 00:01:26

Health: -2/46      AC: 21    Str: 13 (14) XL:     3   Next: 48%
Magic:  6/6        EV:  1    Int: 12 (13) God:
Gold:   90         SH:  0    Dex:  8 (10) Spells: 5/6 levels left

rFire    . . .     SeeInvis +     - Unarmed
rCold    . . .     Faith    .   (no shield)
rNeg     + + +     Spirit   .   (armour currently unavailable)
rPois    +         Reflect  .   (helmet currently unavailable)
rElec    .         Harm     .   (cloak currently unavailable)
rCorr    .         Rampage  .   (gloves currently unavailable)
Will     .....     NoTele   +   (no barding)
Stlth    +.........             (no amulet)
HPRegen  0.15/turn              (no ring)
MPRegen  0.10/turn              (no ring)

@: mighty, lethally poisoned (-2 -> -6), tree-form
A: large, rugged brown scales 3, see invisible
a: no special abilities


You were on level 3 of the Dungeon.
You were a tree.
You visited 1 branch of the dungeon, and saw 3 of its levels.

You collected 90 gold pieces.

Inventory:

Armour
 a - a +0 robe (melded)
Scrolls
 b - a scroll of enchant weapon {unknown}
 c - a scroll of magic mapping {unknown}
 e - 2 scrolls of identify {unknown}
 h - a scroll of teleportation {unknown}
 i - a scroll of fog {unknown}
Potions
 d - a potion of might


   Skills:
 * Level 1.9 Fighting
 - Level 1.5 Dodging
 + Level 4.2 Unarmed Combat
 - Level 2.0 Spellcasting
 - Level 2.0 Transmutations


You had 5 spell levels left.
You knew the following spells:

 Your Spells              Type           Power        Failure   Level
a - Beastly Appendage     Tmut           12%          12%         1

Your spell library contained the following spells:

 Spells                   Type           Power        Failure   Level
 Wereblood                Tmut           6%           19%         2
 Spider Form              Tmut/Pois      1%           47%         3
 Ice Form                 Ice/Tmut       3%           87%         4
 Blade Hands              Tmut           3%           97%         5


Dungeon Overview and Level Annotations

Branches:
Dungeon (3/15)

Altars:


Innate Abilities, Weirdness & Mutations

(You are completely covered in rugged brown scales. (AC +3, +7% HP))
You have supernaturally acute eyesight. (SInv)
((Armour fits poorly on your strangely shaped body.))
((You can roll at nearby foes to attack.))
((You have a long armoured tail.))


Message History

The orc wizard looks braver for a moment.
The worker ant bites you but does no damage.
The orc hits you but does no damage.
The orc priest looks braver for a moment.
The orc wizard hits you but does no damage. x2
Unknown command.
Unknown command.
You smack the orc!
You kill the orc!
* * * LOW HITPOINT WARNING * * *
You feel sick. The bat hits you but does no damage.
The worker ant bites you but does no damage.
The orc hits you but does no damage.
The orc wizard hits you but does no damage. x2
You pummel the orc priest!!
You kill the orc priest!
The worker ant bites you but does no damage.
The orc wizard points at you and mumbles some strange words.
The puff of flame hits you.
You die...

.. .# .#. .# # ..
... ....... #. #.
..# .......# #..
#.##.##....?...)
.!..#....#....?$....
#...w.Bo.#.#.!......
>..#(!)♣.#...#.#...
#....oob........?.>
#.#............#
#....#..<......# #
.....###..†...##.#.#
#### ##.#.><.....#
#.##......<#
#.#........#
#.#.....##.#


You could see a worker ant, 2 orc wizards, a dart slug, an orc and a bat.

Vanquished Creatures
  An orc priest (D:3)
  An ooze (D:1)
  A worm (D:3)
  2 dart slugs
  An orc (D:3)
  5 bats
  A giant cockroach (D:1)
  3 goblins (D:1)
  4 hobgoblins
  3 jackals (D:2)
  6 kobolds
  A quokka (D:2)
  3 frilled lizards
  3 rats
35 creatures vanquished.

Notes
Turn   | Place    | Note
-------+----------+-------------------------------------------
     0 | D:1      | manyhoops the Palentonga Transmuter began the quest for the
                  | Orb.
     0 | D:1      | Reached XP level 1. HP: 17/17 MP: 3/3
   545 | D:1      | Reached XP level 2. HP: 3/24 MP: 3/5
  1665 | D:2      | Reached XP level 3. HP: 27/31 MP: 4/6
  1781 | D:2      | Reached skill level 4 in Unarmed Combat
  2297 | D:3      | HP: 2/46 [poisoned by a worker ant]
  2300 | D:3      | Killed from afar by an orc wizard

Illustrated notes

Levels and vault maps discovered:
D:1:      minmay_arrival_four_houses, layout_basic
D:2:      layout_loops_ring
D:3:      layout_basic, uniq_robin

Skill      XL: |  1  2  3 |
---------------+----------+-----
Unarmed Combat | 4 |  4.2
Fighting       | |  1.9
Dodging        | |  1.5
Spellcasting   | |  2.0
Transmutations | |  2.0

Action                   || total
-------------------------++-------
Melee: Unarmed           ||   121
       Tailslap          ||     9
       Headbutt          ||     6
       Kick              ||     6
       Punch             ||     3
 Cast: Beastly Appendage ||    14
  Use: Potion            ||     3
Armor: Robe              ||    46
       Skin              ||    19
Dodge: Dodged            ||    80
